 Dungeon Crawl Stone Soup version 0.27.0-1-g7a089689b8 (webtiles) character file.

Game seed: 5445971597178677654

4552 ZombieSheep the Covered (level 10, -3/79 HPs)
             Began as a Gnoll Wanderer on Aug 6, 2021.
             Was a Follower of Uskayaw.
             Slain by a vampire (9 damage)
             ... on level 8 of the Dungeon.
             The game lasted 00:14:20 (8942 turns).

ZombieSheep the Covered (Gnoll Wanderer)            Turns: 8942, Time: 00:14:21

Health: -3/79      AC: 14    Str: 17    XL:     10   Next: 40%
Magic:  15/17      EV: 12    Int:  7    God:    Uskayaw [*.....]
Gold:   400        SH:  0    Dex: 14    Spells: 19/19 levels left

rFire    . . .     SeeInvis .   b - +8 hunting sling of the Abyss {venom, Will+}
rCold    . . .     Faith    .   (no shield)
rNeg     . . .     Spirit   .   c - +3 scale mail
rPois    .         Reflect  .   j - +2 helmet
rElec    .         Harm     .   (no cloak)
rCorr    .         Rampage  .   (no gloves)
Will     +....                  (no boots)
Stlth    ++........             (no amulet)
HPRegen  0.23/turn              (no ring)
MPRegen  0.15/turn              (no ring)

@: lethally poisoned (-3 -> -27)
A: fangs 1, strong nose, distributed training
a: Renounce Religion, Stomp


You were on level 8 of the Dungeon.
You worshipped Uskayaw.
Uskayaw was noncommittal.
You visited 1 branch of the dungeon, and saw 9 of its levels.

You collected 400 gold pieces.

Inventory:

Hand Weapons
 a - a +1 quarterstaff
 b - the +8 hunting sling of the Abyss (weapon) {venom, Will+}
   (You acquired it on level 1 of the Dungeon)

   Any ammunition fired from it poisons the flesh of those it strikes.
   Will:      It increases your willpower.
 s - a +3 trident of electrocution
Missiles
 e - 228 stones (quivered ammo)
Armour
 c - a +3 scale mail (worn)
 h - a +0 plate armour
 j - a +2 helmet (worn)
Wands
 f - a wand of iceblast (12)
 n - a wand of digging (7)
Scrolls
 m - 2 scrolls of brand weapon
 o - a scroll of enchant weapon
 p - 3 scrolls of teleportation
 u - a scroll of silence
 v - a scroll of amnesia
Potions
 d - 2 potions of lignification
 g - a potion of invisibility
 i - a potion of ambrosia
 r - 2 potions of attraction
 w - a potion of curing {unknown}
 x - a potion of mutation {unknown}
 z - a potion of berserk rage {unknown}
 A - a potion of heal wounds {unknown}
 B - a potion of haste {unknown}


   Skills:
 + Level 7.0 Fighting
 + Level 5.2 Short Blades
 + Level 5.2 Long Blades
 + Level 5.2 Axes
 + Level 5.2 Maces & Flails
 + Level 5.2 Polearms
 + Level 5.9 Staves
 + Level 5.2 Slings
 + Level 5.2 Bows
 + Level 5.9 Crossbows
 + Level 5.9 Throwing
 + Level 7.0 Armour
 + Level 5.9 Dodging
 + Level 5.8 Stealth
 + Level 5.2 Shields
 + Level 5.2 Unarmed Combat
 + Level 5.2 Spellcasting
 + Level 4.3 Conjurations
 + Level 4.3 Hexes
 + Level 4.3 Summonings
 + Level 4.3 Necromancy
 + Level 4.3 Translocations
 + Level 4.3 Transmutations
 + Level 4.3 Fire Magic
 + Level 4.3 Ice Magic
 + Level 4.3 Air Magic
 + Level 4.3 Earth Magic
 + Level 4.3 Poison Magic
 + Level 5.7 Invocations
 + Level 5.9 Evocations


You had 19 spell levels left.
You didn't know any spells.
Your spell library contained the following spells:

 Spells                   Type           Power      Damage    Failure   Level
 Magic Dart               Conj           28%        1d4       14%         1
 Searing Ray              Conj           14%        3d3       21%         2
 Fulminant Prism          Conj/Hex       3%         3d6       80%         4
 Fireball                 Conj/Fire      3%         3d4       98%         5
 Iskenderun's Battlesphe  Conj           7%         2d6       98%         5
 Summon Forest            Summ/Tloc      3%         N/A       98%         5
 Conjure Ball Lightning   Conj/Air       3%         3x3d6     100%        6
 Eringya's Noxious Bog    Tmut/Pois      3%         N/A       100%        6
 Orb of Destruction       Conj           3%         9d1       100%        7
 Summon Hydra             Summ           3%         N/A       100%        7


Dungeon Overview and Level Annotations

Branches:
Dungeon (9/15)             Temple (0/1) D:5
   Lair: D:8-11         Orc: D:9-12

Altars:
Ashenzari
Cheibriados
Okawaru
Uskayaw
Zin

Shops:
D:6 *(

Annotations:
D:3 2 runed translucent doors, SweetAndFullOfGrace's ghost, amateur TeWr
D:8 2 transporters, slitherrr's ghost, novice PaFi
D:9 Maurice


Innate Abilities, Weirdness & Mutations

You have very sharp teeth.
Your uncanny sense of smell can sniff out nearby items.
Your experience applies equally to all skills.


Message History

Something completely misses you.
Fire: 232 stones
Press: ? - help, Q - select action, (/) - cycle Shift-Dir - straight line, f/p - vampire
Aim: a vampire (moderately damaged, 71% to hit)
You shoot a stone.
The stone hits the vampire but does no damage.
The vampire is moderately damaged.
You feel sick. The vampire hits you! The vampire barely misses you.
Something hits you.
* * * LOW HITPOINT WARNING * * *
Something steals 1 of your 2 scrolls of silence!
Fire: 231 stones
Press: ? - help, Q - select action, (/) - cycle Shift-Dir - straight line, f/p - vampire
Aim: a vampire (moderately damaged, 71% to hit)
You shoot a stone. The stone hits the vampire.
The vampire is heavily damaged.
You feel sick. The vampire barely misses you. The vampire bites you.
* * * LOW HITPOINT WARNING * * *
The vampire draws strength from your injuries!
Fire: 230 stones
Press: ? - help, Q - select action, (/) - cycle Shift-Dir - straight line, f/p - vampire
Aim: a vampire (moderately damaged, 71% to hit)
You shoot a stone. The stone hits the vampire!
The vampire is almost destroyed.
You feel sick. Something hits you.
* * * LOW HITPOINT WARNING * * *
Something steals 2 of your 3 cyan potions!
You are lethally poisoned!
The vampire closely misses you.
The vampire bites you but does no damage.
Fire: 229 stones
Press: ? - help, Q - select action, (/) - cycle Shift-Dir - straight line, f/p - vampire
Aim: a vampire (almost destroyed, 71% to hit)
You shoot a stone. The stone barely misses the vampire.
* * * LOW HITPOINT WARNING * * *
You feel very sick. Something hits you but does no damage.
You are more poisoned.
The vampire hits you!
You die...

.....##............#.....######..
.....'.............#.....#.......
.....#.............#.....#.......
.....#.............#.....'....#..
.....##...######'###.....#+##.###
.....##...#.................<.#
..........#...................#
.....##...#..<..{V............#
####'##...#.....@.............#
......#...#...................#
.....######...................#
.....#........................###
.....#..................####+##..
.....#.....###..###.###......#...
.....#.....#...#########.....#...
.....#.....#..###.# #y###....'...
######.....#..##...#...##....#ooo


You could see a vampire and a killer bee.

Vanquished Creatures
  A centaur warrior (D:8)
  A hornet (D:8)
  A shadow (D:7)
  Eustachio (D:4)
  Grum (D:8)
  Menkaure (D:6)
  Edmund (D:4)
  2 water moccasins (D:7)
  A black bear (D:5)
  3 sky beasts
  An ice beast (D:7)
  2 necrophages
  An ogre (D:4)
  4 wolves (D:8)
  3 centaurs
  A kobold brigand (D:9)
  A gnoll sergeant (D:6)
  3 bullfrogs
  3 scorpions
  4 wights (D:6)
  A howler monkey (D:6)
  4 centaur zombies
  A bullfrog zombie (D:7)
  4 hounds
  4 jellies
  A gnoll shaman (D:5)
  A centaur skeleton (D:6)
  4 iguanas
  2 scorpion zombies (D:5)
  A hound skeleton (D:4)
  Robin (D:2)
  4 adders
  8 gnolls
  A shadow imp (D:3)
  4 ufetubi
  An adder skeleton (D:4)
  6 dart slugs
  9 orcs
  3 ball pythons
  5 endoplasms
  3 giant cockroaches
  10 goblins
  8 hobgoblins
  9 jackals
  3 quokkas
  5 bats
  7 frilled lizards
  A jackal skeleton (D:4)
  13 kobolds
  23 rats
  A spectral hobgoblin (D:2)
184 creatures vanquished.

Notes
Turn   | Place    | Note
-------+----------+-------------------------------------------
     0 | D:1      | ZombieSheep the Gnoll Wanderer began the quest for the Orb.
     0 | D:1      | ZombieSheep set off with the following items: a +0
                  | quarterstaff, a potion of lignification, a +2 scale mail
     0 | D:1      | Reached XP level 1. HP: 20/20 MP: 1/1
    81 | D:1      | Reached XP level 2. HP: 26/26 MP: 2/2
   242 | D:1      | Reached XP level 3. HP: 31/31 MP: 3/3
   747 | D:1      | Identified a scroll of acquirement
   747 | D:1      | Acquired the +8 hunting sling of the Abyss {venom, Will+}
   798 | D:2      | Reached skill level 1 in Invocations
   823 | D:2      | Noticed Robin
   833 | D:2      | Killed Robin
   834 | D:2      | Reached skill level 1 in Short Blades
   834 | D:2      | Reached skill level 1 in Long Blades
   834 | D:2      | Reached skill level 1 in Axes
   834 | D:2      | Reached skill level 1 in Maces & Flails
   834 | D:2      | Reached skill level 1 in Polearms
   834 | D:2      | Reached skill level 1 in Slings
   834 | D:2      | Reached skill level 1 in Bows
   834 | D:2      | Reached skill level 1 in Shields
   834 | D:2      | Reached skill level 1 in Unarmed Combat
   834 | D:2      | Reached skill level 1 in Spellcasting
   834 | D:2      | Reached XP level 4. HP: 37/38 MP: 5/5
   846 | D:2      | Found a faded altar of an unknown god.
   849 | D:2      | Became a worshipper of Uskayaw the Reveller
   849 | D:2      | Reached * piety under Uskayaw
   980 | D:2      | Reached ** piety under Uskayaw
   982 | D:2      | Reached skill level 1 in Conjurations
   982 | D:2      | Reached skill level 1 in Hexes
   982 | D:2      | Reached skill level 1 in Summonings
   982 | D:2      | Reached skill level 1 in Necromancy
   982 | D:2      | Reached skill level 1 in Translocations
   982 | D:2      | Reached skill level 1 in Transmutations
   982 | D:2      | Reached skill level 1 in Fire Magic
   982 | D:2      | Reached skill level 1 in Ice Magic
   982 | D:2      | Reached skill level 1 in Air Magic
   982 | D:2      | Reached skill level 1 in Earth Magic
   982 | D:2      | Reached skill level 1 in Poison Magic
  1495 | D:3      | Noticed a scorpion
  1499 | D:3      | Killed a scorpion
  1500 | D:3      | Reached XP level 5. HP: 43/43 MP: 5/7
  1744 | D:3      | Reached *** piety under Uskayaw
  1752 | D:3      | Reached **** piety under Uskayaw
  1855 | D:3      | Found a runed translucent door.
  2161 | D:3      | Found a broken altar of Ashenzari.
  2165 | D:3      | Saw a vision of the Shoals and the Snake Pit.
  2165 | D:3      | Noticed a black mamba
  2165 | D:3      | Noticed a naga mage
  2165 | D:3      | Noticed an anaconda
  2165 | D:3      | Noticed a shock serpent
  2165 | D:3      | Noticed a naga ritualist
  2165 | D:3      | Noticed a sea snake
  2165 | D:3      | Noticed a merfolk
  2165 | D:3      | Noticed a merfolk
  2165 | D:3      | Noticed a merfolk siren
  2165 | D:3      | Noticed a merfolk
  2165 | D:3      | Noticed a merfolk
  2165 | D:3      | Noticed a sea snake
  2166 | D:3      | Noticed a naga sharpshooter
  2166 | D:3      | Noticed a merfolk
  2167 | D:3      | Noticed a salamander
  2168 | D:3      | Noticed a naga mage
  2361 | D:3      | Found a runed translucent door.
  2366 | D:3      | Noticed SweetAndFullOfGrace's ghost (amateur TeWr)
  2669 | D:4      | Reached XP level 6. HP: 49/50 MP: 8/8
  2720 | D:4      | Found an iron altar of Okawaru.
  2761 | D:4      | Noticed Edmund
  2773 | D:4      | Killed Edmund
  2774 | D:4      | Reached skill level 5 in Fighting
  2774 | D:4      | Reached skill level 5 in Armour
  2778 | D:4      | Reached XP level 7. HP: 45/56 MP: 4/10
  2948 | D:4      | Found a glowing silver altar of Zin.
  3038 | D:4      | Noticed Eustachio
  3043 | D:4      | Killed Eustachio
  3709 | D:5      | Entered Level 5 of the Dungeon
  3847 | D:5      | Reached XP level 8. HP: 63/63 MP: 12/12
  4305 | D:5      | Found a staircase to the Ecumenical Temple.
  4664 | D:6      | Found Zobraxeefo's Assorted Antiques.
  4750 | D:6      | Reached ***** piety under Uskayaw
  4797 | D:6      | Found Uwuopp's Antique Weapon Emporium.
  4872 | D:6      | Reached XP level 9. HP: 52/69 MP: 14/14
  5171 | D:6      | Found a snail-covered altar of Cheibriados.
  5632 | D:6      | Noticed Menkaure
  5640 | D:6      | Killed Menkaure
  5825 | D:6      | Reached skill level 5 in Staves
  5825 | D:6      | Reached skill level 5 in Crossbows
  5825 | D:6      | Reached skill level 5 in Throwing
  5825 | D:6      | Reached skill level 5 in Dodging
  5825 | D:6      | Reached skill level 5 in Evocations
  6193 | D:7      | Reached skill level 5 in Stealth
  6484 | D:7      | Reached skill level 5 in Invocations
  7203 | D:8      | Noticed slitherrr's ghost (novice PaFi)
  7206 | D:8      | Found a transporter.
  7210 | D:8      | Found a transporter.
  7253 | D:8      | Noticed a centaur warrior
  7265 | D:8      | Killed a centaur warrior
  7266 | D:8      | Reached skill level 5 in Short Blades
  7266 | D:8      | Reached skill level 5 in Long Blades
  7266 | D:8      | Reached skill level 5 in Axes
  7266 | D:8      | Reached skill level 5 in Maces & Flails
  7266 | D:8      | Reached skill level 5 in Polearms
  7266 | D:8      | Reached skill level 5 in Slings
  7266 | D:8      | Reached skill level 5 in Bows
  7266 | D:8      | Reached skill level 5 in Shields
  7266 | D:8      | Reached skill level 5 in Unarmed Combat
  7266 | D:8      | Reached skill level 5 in Spellcasting
  7266 | D:8      | Reached XP level 10. HP: 17/77 MP: 11/17
  8027 | D:8      | Noticed Grum
  8034 | D:8      | Killed Grum
  8475 | D:9      | Noticed Maurice
  8942 | D:8      | Slain by a vampire

Illustrated notes

Levels and vault maps discovered:
D:1:      tarquinn_simple_flora_water_d, layout_basic
D:2:      layout_loops_ring, dreamdust_ecumenical_altar_drowned_temple,
          uniq_robin
D:3:      layout_basic, grunt_ashenzari_visionary
          [grunt_ashenzari_visionary_shoals, grunt_ashenzari_visionary_snake],
          ebering_ghost_sewer_f, chequers_serial_rivers_micro_a, minmay_rat_hole
D:4:      layout_basic, okawaru_ov_weapons_minmay, mainiacjoe_overflow_24_doors,
          uniq_eustachio, uniq_edmund
D:5:      layout_loops_ring, minmay_temple_entry_glassed_door
D:6:      layout_basic, mainiacjoe_overflow_chevrons, serial_shops,
          nicolae_shop_crystal, shop_fountains, corexii_checkpoint_a,
          minivault_24, uniq_menkaure
D:7:      layout_gridville, minmay_misc_feat_five
D:8:      layout_gridville, gammafunk_ghost_hive, uniq_grum
D:9:      layout_loops_ring, amcnicky_altar_gilded, led_sif_pool,
          mainiacjoe_overflow_concentric_impassable, fedhas_altar_3,
          grunt_temple_overflow_open, nicolae_looking_at_the_future,
          uniq_maurice

Skill      XL: |  1  2  3  4  5  6  7  8  9 10 |
---------------+-------------------------------+-----
Invocations    | 1 2 3 4 5 |  5.7
Short Blades   | 1 2 3 5 |  5.2
Long Blades    | 1 2 3 5 |  5.2
Axes           | 1 2 3 5 |  5.2
Maces & Flails | 1 2 3 5 |  5.2
Polearms       | 1 2 3 5 |  5.2
Slings         | 1 2 3 5 |  5.2
Bows           | 1 2 3 5 |  5.2
Shields        | 1 2 3 5 |  5.2
Unarmed Combat | 1 2 3 5 |  5.2
Spellcasting   | 1 2 3 5 |  5.2
Conjurations   | 1 2 3 4 |  4.3
Hexes          | 1 2 3 4 |  4.3
Summonings     | 1 2 3 4 |  4.3
Necromancy     | 1 2 3 4 |  4.3
Translocations | 1 2 3 4 |  4.3
Transmutations | 1 2 3 4 |  4.3
Fire Magic     | 1 2 3 4 |  4.3
Ice Magic      | 1 2 3 4 |  4.3
Air Magic      | 1 2 3 4 |  4.3
Earth Magic    | 1 2 3 4 |  4.3
Poison Magic   | 1 2 3 4 |  4.3
Staves         | 3 4 5 |  5.9
Crossbows      | 3 4 5 |  5.9
Throwing       | 3 4 5 |  5.9
Dodging        | 3 4 5 |  5.9
Evocations     | 3 4 5 |  5.9
Stealth        | 3 4 5 |  5.8
Fighting       | 5 6 7 |  7.0
Armour         | 5 6 7 |  7.0

Action                   |  1- 3 |  4- 6 |  7- 9 | 10-12 || total
-------------------------+-------+-------+-------+-------++-------
Melee: Quarterstaff      |    78 |       |       |       ||    78
       Bite              |     6 |       |       |       ||     6
 Fire: Hunting sling     |    13 |   112 |   251 |    49 ||   425
Invok: Line Pass         |       |     1 |     2 |     2 ||     5
       Stomp             |       |       |       |     4 ||     4
  Use: Scroll            |     3 |     1 |    11 |     2 ||    17
       Potion            |       |       |       |     1 ||     1
Armor: Scale mail        |    53 |    15 |    44 |    29 ||   141
Dodge: Dodged            |    51 |    17 |    62 |    36 ||   166
